Frizzbo, neutral female gnomish Wizard ---------- |........| ------ |........| |.^... ##..........# |...f| # ---.------# |.<.aG# ## # # -.--+- # # # # # # ### -------------- # # ########## |.............#######################--.-.----------- |............| # #-)--- ##-............[.| |.............##############|.[.| #|.............>| |............| # |...| #..........[....| |............. |....###%---------------- -------------- ----- ## Frizzbo the Thaumaturge Experience level: 6 Strength: 12 Dexterity: 14 Constitution: 15 Intelligence: 19 Wisdom: 11 Charisma: 9 Health: 0(38) Energy: 10(56) Def: 3 Gold: 1975 Moves: 5762 Dungeon seed: QQIcg_LoiRxMMDxI Game ID: Frizzbo_1466955633 Your Inventory: Coins $ - 1975 gold pieces Weapons H - an uncursed +0 silver dagger (weapon in hand) Armor e - an uncursed +1 cloak of magic resistance r - an uncursed +0 leather armor y - an uncursed +0 cloak of protection z - an uncursed +0 pair of jumping boots (being worn) A - an uncursed +0 leather armor I - an uncursed +0 pair of kicking boots N - a blessed +0 pair of leather gloves (being worn) Y - an uncursed +0 elven leather helm (being worn) Comestibles v - an uncursed lichen corpse x - an uncursed tin of sewer rat meat Scrolls i - an uncursed scroll of create monster j - an uncursed scroll of gold detection o - an uncursed scroll of teleportation p - an uncursed scroll of identify t - 2 uncursed scrolls of light w - an uncursed scroll of amnesia J - an uncursed scroll of enchant weapon L - a blessed scroll of enchant armor W - 2 uncursed scrolls of blank paper X - an uncursed scroll of punishment Spellbooks l - a blessed spellbook of force bolt m - an uncursed spellbook of magic missile u - an uncursed spellbook of magic missile Potions f - an uncursed potion of blindness g - an uncursed potion of speed h - 2 uncursed potions of water K - an uncursed potion of paralysis Rings c - an uncursed +1 ring of gain constitution d - an uncursed ring of searching G - an uncursed ring of invisibility S - a cursed ring of sustain ability Wands a - an uncursed wand of striking (0:3) b - an uncursed wand of cancellation (0:7) k - a cursed wand of magic missile (0:7) s - a blessed wand of speed monster (0:3) M - an uncursed wand of light (0:14) P - an uncursed wand of secret door detection (0:12) R - an uncursed wand of lightning (0:3) Z - an uncursed wand of fire (0:3) Tools n - an uncursed blindfold Gems q - 2 uncursed worthless pieces of orange glass Spells and supernatural/magical abilities: Name Level Category Fail Memory a - force bolt 1 attack 0% 72% m - magic missile 2 attack 0% 72% W - pray for help -- divine ? -- Y - supernatural jump -- ability ? -- Your skills at the end: Fighting Skills Weapon Skills dagger [Skilled] quarterstaff [Basic] Spellcasting Skills attack spells [Skilled] enchantment spells [Basic] Final Attributes: You were piously aligned. You were telepathic. You had infravision. You could jump. You were fast. You are dead. Vanquished creatures: 2 wolves a leprechaun a vampire bat an owlbear a gold golem 4 Mordor orcs 2 rock piercers a guardian naga hatchling a straw golem a paper golem 2 giant ants a little dog 3 floating eyes a homunculus 2 hill orcs a rothe a monkey 7 orc zombies 3 dwarf zombies 2 iguanas an acid blob 13 coyotes 4 hobbits 2 manes 2 hobgoblins a giant rat a cave spider a brown mold a green mold 3 garter snakes 2 gnome zombies 3 geckos 9 jackals 2 foxes 2 kobolds 3 goblins 2 sewer rats 2 grid bugs 2 bats 6 lichens 4 newts 104 creatures vanquished. Voluntary challenges: You used a wielded weapon 143 times, starting on turn 239. You read items or engraved 12 times, starting on turn 1182. You never genocided any monsters. You never polymorphed an object. You never changed form. You used no wishes. You never split a pudding. You wrote Elbereth's name 2 times, starting on turn 1459. You never violated your personal moral code. Dungeon overview: The Dungeons of Doom: levels 1 to 10 Level 1 some fountains, a sink a long staircase Level 2 a general store, some sinks Level 3 a fountain Level 4 an armor shop stairs to The Gnomish Mines Level 5 a fountain Level 6 Level 7 many fountains Level 8 Level 9 <- You were here Level 10 The Gnomish Mines: Level 5 stairs to The Dungeons of Doom History has recorded: On T:1 you entered the Dungeons of Doom to retrieve the Amulet of Yendor! On T:479 you reached level 2 of The Dungeons of Doom. On T:513 you advanced to experience level 2. On T:1268 you advanced to experience level 3. On T:1377 you reached level 3 of The Dungeons of Doom. On T:1794 you reached level 4 of The Dungeons of Doom. On T:2100 you advanced to experience level 4. On T:2630 you reached level 5 of The Dungeons of Doom. On T:2756 you reached level 1 of The Gnomish Mines. On T:3025 you advanced to experience level 5. On T:3425 you reached level 6 of The Dungeons of Doom. On T:3852 you reached level 7 of The Dungeons of Doom. On T:4625 you advanced to experience level 6. On T:4944 you reached level 8 of The Dungeons of Doom. On T:5319 you reached level 9 of The Dungeons of Doom. On T:5370 you reached level 10 of The Dungeons of Doom. Score breakdown: Gold: 1975 (11211 points) Experience: 6 levels (12456 points) Exploration: 10 levels ( 22.22%) (13568 points) Discoveries: 17 items ( 5.92%) ( 7301 points) Valuables value: (no points given unless you survive) Artifact value: 0 ( 0 points) Variety of kills: 41 monsters ( 10.76%) ( 9841 points) Turncount: 5762 turns (-1564 points) Survival: died (score multiplied by 80%) Total score: 42250 Latest messages: You are caught in a bear trap. You see here a tin. x - a tin. You see here a leather armor. You have a little trouble lifting A - a leather armor. Your movements are slowed slightly because of your load. You start equipping your leather armor. You take off your cloak of magic resistance. You take off your leather armor. You stop changing your equipment. Taco misses the soldier ant. You continue equipping your leather armor. Taco misses the soldier ant. You stop changing your equipment. Taco bites the soldier ant. The soldier ant misses Taco. The soldier ant stings Taco. You continue equipping your leather armor. You stop changing your equipment. The soldier ant bites! The soldier ant stings! You die... Final status: Goodbye Frizzbo the Wizard, killed by a soldier ant... You died in The Dungeons of Doom on dungeon level 9 with 42250 points, and 1975 pieces of gold, after 5762 moves. You were level 6 with a maximum of 38 hit points when you died.